Map: Efflorescence LE

Players

FEDE - Winner!

  • Race: Protoss Protoss
  • Spawn Location: 9:00

Shiro - Winner!

  • Race: Terran Terran
  • Spawn Location: 6:00

VOD

Have the link to the VOD?

Description

Time

  • Played on: May 18, 2020, 2:21 p.m.
  • Length: 16:29
Show
View Real Time Build Order
Export as new Build Order

FEDE Protoss - Winner!

Build Orders:  

Get SALT Encoding   

  12  0:09  Probe (Chrono Boost)  
  13  0:26  Probe (Chrono Boost)  
  14  0:48  Pylon  
  15  0:50  Probe (Chrono Boost)  
  15  1:16  Probe (Chrono Boost)  
  16  1:39  Probe (Chrono Boost)  
  17  1:45  Assimilator  
  17  1:53  Gateway  
  17  2:01  Pylon  
  17  2:17  Probe (Chrono Boost)  
  18  2:28  Forge  
  18  2:34  Probe (Chrono Boost)  
  18  2:35  Pylon  
  20  2:50  Probe (Chrono Boost)  
  20  3:01  Zealot  
  22  3:10  Cybernetics Core  
  22  3:25  Photon Cannon  
  22  3:30  Photon Cannon  
  22  3:39  Zealot  
  24  3:59  Assimilator  
  24  4:09  Probe (Chrono Boost)  
  25  4:25  Probe (Chrono Boost), Robotics Facility  
  26  4:34  Pylon  
  26  4:42  Probe (Chrono Boost), Pylon  
  27  4:50  Stalker  
  29  5:01  Pylon  
  29  5:15  Nexus  
  29  5:28  Pylon  
  29  5:32  Stalker  
  31  5:55  Immortal  
  35  6:14  Stalker  
  37  6:23  Photon Cannon  
  37  6:42  Photon Cannon  
  37  6:55  Stalker  
  39  7:09  Immortal  
  43  7:26  Probe (Chrono Boost)  
  44  7:37  Stalker  
  46  7:43  Probe (Chrono Boost)  
  48  8:00  Probe (Chrono Boost)  
  48  8:04  Observer  
  49  8:17  Probe (Chrono Boost)  
  49  8:19  Zealot  
  52  8:34  Probe (Chrono Boost)  
  54  9:30  Probe (Chrono Boost)  
  54  9:35  Stalker  
  56  9:47  Probe (Chrono Boost)  
  57  10:04  Probe (Chrono Boost)  
  58  10:12  Protoss Shields Level 1  
  58  10:17  Stalker  
  61  10:21  Probe (Chrono Boost)  
  61  10:38  Probe (Chrono Boost)  
  61  12:17  Probe (Chrono Boost)  
  62  12:24  Stargate  
  62  12:34  Probe (Chrono Boost), Pylon  
  64  12:51  Probe (Chrono Boost)  
  64  13:08  Probe (Chrono Boost)  
  65  13:12  Protoss Ground Armor Level 1  
Show
View Real Time Build Order
Export as new Build Order

Shiro Terran - Winner!

Build Orders:  

Get SALT Encoding   

  12  0:01  SCV  
  13  0:18  SCV  
  14  0:26  Supply Depot  
  14  0:35  SCV  
  15  0:41  Refinery  
  15  0:56  SCV  
  16  1:04  Barracks  
  16  1:13  SCV  
  17  1:30  SCV  
  17  1:35  Barracks  
  18  1:47  SCV  
  19  1:57  Barracks  
  19  2:04  SCV  
  20  2:11  Barracks Reactor  
  20  2:20  Refinery  
  20  2:34  Orbital Command  
  20  2:45  Reaper  
  21  2:53  Supply Depot  
  21  3:08  Reaper x2  
  23  3:23  SCV  
  23  3:25  Supply Depot  
  23  3:28  Reaper  
  25  3:36  Reaper  
  26  3:40  SCV  
  28  3:53  Reaper  
  28  3:55  Reaper  
  28  3:57  SCV  
  30  4:14  SCV  
  33  4:21  Reaper x2  
  33  4:25  Supply Depot, Unknown  
  33  4:28  Unknown  
  33  4:30  Unknown  
  33  4:39  SCV, Reaper  
  36  4:54  Reaper  
  36  5:01  Engineering Bay  
  36  5:02  Command Center  
  36  5:15  Reaper x2  
  36  5:16  SCV  
  39  5:33  SCV  
  39  5:34  Factory  
  40  5:50  SCV  
  40  5:59  Missile Turret  
  41  6:06  Missile Turret  
  41  6:07  SCV  
  42  6:22  Marine x3  
  42  6:24  SCV, Marine  
  47  6:37  Starport, Factory Tech Lab  
  47  6:42  SCV  
  47  6:45  Orbital Command  
  47  6:49  Refinery  
  48  6:50  Refinery  
  48  6:52  Marine  
  48  6:55  Marine  
  50  7:04  SCV  
  50  7:08  Siege Tank  
  54  7:21  SCV  
  54  7:23  SCV  
  54  7:27  Starport Tech Lab  
  56  7:38  SCV  
  57  7:40  SCV, Supply Depot  
  57  7:48  Supply Depot  
  58  7:53  Siege Tank  
  58  7:55  SCV  
  62  8:10  SCV, Marine x2, Raven  
  62  8:13  Supply Depot  
  62  8:14  SCV  
  68  8:22  Supply Depot  
  68  8:27  SCV  
  69  8:31  SCV  
  69  8:38  Stimpack  
  70  8:44  SCV, Terran Infantry Weapons Level 1  
  70  8:48  SCV  
  72  8:51  Marine x2  
  72  8:57  Factory Tech Lab  
  75  9:01  SCV  
  75  9:05  SCV  
  77  9:18  SCV  
  77  9:21  Marine x3  
  77  9:22  SCV  
  77  9:25  Unknown  
  77  9:28  Command Center  
  81  9:34  Starport Reactor  
  81  9:37  Siege Tank  
  84  9:46  Supply Depot  
  84  9:48  Supply Depot, Marine x2  
  87  9:50  Marauder  
  87  9:53  Marauder  
  87  9:56  SCV x2  
  92  10:18  Supply Depot  
  92  10:22  Siege Tank  
  92  10:24  Supply Depot  
  92  10:25  Marine x2  
  92  10:26  Marauder x2  
  92  10:29  Medivac  
  103  10:30  Medivac  
  105  10:50  Supply Depot, Marine x2  
  105  10:56  Marauder x2  
  105  10:58  Supply Depot  
  111  11:11  Orbital Command, Medivac  
  111  11:12  SCV x2, Medivac  
  117  11:29  Terran Infantry Armor Level 1  
  117  11:31  Concussive Shells  
  117  11:32  Marine x2  
  117  11:33  Marauder x2  
  117  11:36  SCV x2  
  125  11:44  Armory, Engineering Bay  
  125  11:55  Barracks  
  125  11:59  Barracks x2  
  125  12:03  Siege Tank  
  125  12:05  Marine  
  125  12:06  Marine  
  125  12:08  Marauder  
  134  12:30  Marine  
  129  12:42  Marauder  
  129  12:48  Siege Tank  
  129  12:49  Medivac x2  
  133  12:50  Marauder  
  133  13:07  Marine  
  133  13:08  Barracks Reactor x3  
  133  13:12  Marauder  
  133  13:19  SCV x3  
  137  13:33  Siege Tank  
  137  13:34  Marauder  
  137  13:36  SCV x3, Command Center, Marine x2  
  147  13:42  Marine  
  148  13:52  Medivac  
  148  13:59  Refinery, Medivac  
  152  14:01  Refinery, Marine x2  
  152  14:03  Siege Tank x4  
  152  14:04  SCV, Marauder, Siege Tank  
  157  14:15  Supply Depot  
  157  14:16  Supply Depot  
  157  14:21  Supply Depot  
  157  14:22  Supply Depot  
  157  14:45  Marauder, Marine x6  
  157  14:46  Siege Tank, Marine x3  
  171  14:59  Siege Tank x5  
  171  15:10  Marine x4  
  171  15:17  Medivac x2  
  171  15:19  Marauder, Marine x2  
  183  15:20  Marine x3  
  183  15:29  Orbital Command  
  175  15:31  Siege Tank  
  175  15:35  Marauder, Marine  
  179  15:46  Marine x4  
  179  15:49  Marauder  
Tags
 
Add a new tag
Caveats
  • Supply blocks, unpowered buildings, or Contaminate may cause inaccurate times.
  • Supply counts are checked every 10 seconds.